 Dungeon Crawl Stone Soup version 0.29.0-13-gc9e81de378 (webtiles) character file.

Game seed: 6248526089601829036

51 Pomfy the Trooper (level 3, -5/33 HPs)
             Began as a Hill Orc Fighter on Sept 9, 2022.
             Killed from afar by Jessica (13 damage)
             ... with a bolt of dispelling energy
             ... on level 2 of the Dungeon.
             The game lasted 00:04:40 (473 turns).

Pomfy the Trooper (Hill Orc Fighter)                 Turns: 473, Time: 00:04:41

Health: -5/33      AC:  8    Str: 20    XL:     3   Next: 83%
Magic:  3/3        EV:  9    Int:  8    God:
Gold:   23         SH:  4    Dex: 10    Spells: 2/2 levels left

rFire   . . .      SeeInvis .   f - +0 trident (vorpal)
rCold   . . .      Faith    .   c - +0 buckler
rNeg    . . .      Spirit   .   b - +0 scale mail
rPois   .          Reflect  .   h - +0 helmet
rElec   .          Harm     .   (no cloak)
rCorr   .          Rampage  .   (no gloves)
Will    .....                   (no boots)
Stlth   ..........              (no amulet)
HPRegen 0.11/turn               (no ring)
MPRegen 0.08/turn               (no ring)

@: no status effects
A: no striking features
a: no special abilities


You were on level 2 of the Dungeon.
You visited 1 branch of the dungeon, and saw 2 of its levels.

You collected 23 gold pieces.

Inventory:

Hand Weapons
 a - a +0 war axe
 f - a +0 vorpal trident (weapon)
Missiles
 j - 2 throwing nets (quivered)
Armour
 b - a +0 scale mail (worn)
 c - a +0 buckler (worn)
 h - a +0 helmet (worn)
Scrolls
 k - a scroll of identify {unknown}
Potions
 d - a potion of might
 e - a potion of heal wounds
 g - a potion of lignification {unknown}
 i - a potion of attraction {unknown}


   Skills:
 + Level 4.0 Fighting
 + Level 2.8(3.2) Axes
 + Level 1.7(2.3) Polearms
 + Level 3.7 Armour
 + Level 0.7 Dodging
 + Level 3.6 Shields


You had 2 spell levels left.
You didn't know any spells.
Your spell library was empty.

Dungeon Overview and Level Annotations

Branches:
Dungeon (2/15)

Altars:

Annotations:
D:2 Jessica


Message History

You completely miss the giant cockroach.
The giant cockroach closely misses you. The hobgoblin barely misses you.
You block the giant cockroach's attack.
You barely miss the giant cockroach.
The hobgoblin hits you but does no damage.
You block the giant cockroach's attack.
You barely miss the giant cockroach. The giant cockroach bites you.
The hobgoblin barely misses you.
The giant cockroach bites you but does no damage.
You closely miss the giant cockroach. The hobgoblin closely misses you.
The giant cockroach barely misses you. The hobgoblin closely misses you.
You barely miss the giant cockroach.
The giant cockroach bites you but does no damage.
The hobgoblin hits you but does no damage.
You hit the giant cockroach.
You kill the giant cockroach!
The hobgoblin hits you but does no damage.
You closely miss the hobgoblin. The hobgoblin barely misses you.
You hit the hobgoblin.
You kill the hobgoblin!
There is an open door, spattered with blood here.
Things that are here:
a ball python corpse; a hobgoblin corpse; an adder corpse You see here 4 stones.
j - a throwing net
j - 2 throwing nets (gained 1)
k - a scroll labelled RYRGHOLEUSE You open the door.
There is an open door here.
As you open the door, it creaks loudly!
You hear an angry hiss.
You hear a shout!
Jessica the Apprentice Sorceress comes into view.
She is wielding a +0 dagger and carrying a wand of quicksilver (12).
Found 19 gold pieces, 4 poisoned darts and a robe.
Jessica zaps a wand.
The bolt of dispelling energy hits you!!
Ouch! That really hurt!
* * * LOW HITPOINT WARNING * * *
There is an open door here.
Jessica zaps a wand.
The bolt of dispelling energy hits you!
You die...

#.# ##.#####
####.#####.##...## ..
.....##.#(...)#
#.##.##.##.#....)#
#.##.##.#..#.(...#
..##.......##.(.'##
#.##.##(#.#.#†###.+
.....##.#..#..##'##
........##.).##.@#
...#######...#..@.#
...#### ##>.#[($.#.#
......# #..##..##.#
.#..#.# #...####..#
.#..#.#####)........#
.#..#.#..)........#.#
.#......)...........#
.#.##.#......†....###


You could see Jessica.

Vanquished Creatures
  An adder (D:2)
  A gnoll (D:1)
  2 worms (D:2)
  2 dart slugs (D:2)
  3 ball pythons
  2 giant cockroaches (D:2)
  2 hobgoblins (D:2)
  3 kobolds (D:2)
  2 quokkas (D:2)
  A bat (D:2)
  A frilled lizard (D:2)
  3 goblins
23 creatures vanquished.

Notes
Turn   | Place    | Note
-------+----------+-------------------------------------------
     0 | D:1      | Pomfy the Hill Orc Fighter began the quest for the Orb.
     0 | D:1      | Reached XP level 1. HP: 19/19 MP: 1/1
    61 | D:1      | Reached XP level 2. HP: 15/27 MP: 2/2
   170 | D:2      | Reached skill level 1 in Polearms
   177 | D:2      | Reached XP level 3. HP: 17/33 MP: 3/3
   431 | D:2      | Reached skill level 4 in Fighting
   471 | D:2      | Noticed Jessica
   473 | D:2      | Killed from afar by Jessica

Illustrated notes

Levels and vault maps discovered:
D:1:      dpeg_arrival_water_temple_mockup, layout_basic,
          nicolae_ecumenical_lake_church
D:2:      layout_loops_cross, minmay_joined_circles, uniq_jessica

Skill      XL: |  1  2  3 |
---------------+----------+-----
Polearms       | 1 |  1.7
Fighting       | 4 |  4.0
Axes           | |  2.8
Armour         | |  3.7
Dodging        | |  0.7
Shields        | |  3.6

Action                   || total
-------------------------++-------
Melee: Trident           ||    80
  Use: Potion            ||     1
Armor: Scale mail        ||    44
Dodge: Dodged            ||    31
Block: Buckler           ||    18
